Kimi II, lawful female human Priestess --------------- |..............# ------ |.............|#####-....| |.........[....### |....| ----------- |.............| |....| +.......... ---------|----- |....| ............ #0######################## +....| ##@### # ----.- ##u--.---- # #..)>..-######## # |.....| ## # |.....| ---.---------- # # |......## |.........<..| ### ----.- ------- # |............| ######.....| ###|............| # ###|....| #.............|### #-....| |.............# ------ -------------- Kimi II the Adept Experience level: 6 Strength: 16 Dexterity: 14 Constitution: 10 Intelligence: 12 Wisdom: 18 Charisma: 8 Health: 0(37) Energy: 48(73) AC: 6 Gold: 556 Moves: 1685 Your Inventory: Coins $ - 556 gold pieces Weapons a - a blessed +1 mace (weapon in hand) Armor b - an uncursed +0 robe (being worn) c - an uncursed +0 small shield (being worn) u - an uncursed +0 pair of low boots (being worn) Comestibles e - an uncursed clove of garlic f - an uncursed sprig of wolfsbane l - an uncursed lichen corpse n - 3 uncursed food rations w - an uncursed partly eaten food ration Scrolls q - an uncursed scroll labeled EIRIS SAZUN IDISI [of confuse monster] r - an uncursed scroll labeled HAPAX LEGOMENON [of create monster] Spellbooks g - an uncursed spellbook of healing h - a blessed spellbook of detect food t - an uncursed thick spellbook [of remove curse] Potions d - 4 potions of holy water i - an uncursed swirly potion [of sickness] o - a blessed steamy potion [of restore ability] p - an uncursed sparkling potion [of levitation] x - a potion of unholy water Rings m - an uncursed [-1] obsidian ring [of gain wisdom] Wands j - an uncursed balsa wand [of opening (0:7)] Spells known in the end: Name Level Category Fail Memory a - healing 1 healing 0% [||||||||] b - detect food 2 divination 19% [||||||||] Your skills at the end: Fighting Skills Weapon Skills mace [Basic / Expert] Spellcasting Skills clerical spells [Basic / Expert] Final Attributes: You were devoutly aligned. Hunger level was 480. Your alignment was 18 / 18. Monster difficulty range was 1 - 6. Level difficulty was 6. Your luck was zero. You are dead. Vanquished creatures: a jaguar a gnome mummy 2 human zombies 2 homunculi a rabid rat a giant bat 3 iguanas an acid blob 2 geckos 2 jackals 3 grid bugs 4 bats a lichen 2 kobold zombies 4 newts 30 creatures vanquished. Voluntary challenges: You were an atheist. You were illiterate. You used a wielded weapon 35 times. You put on armor 5 times. You never genocided any monsters. You never polymorphed an object. You never changed form. You used no wishes. You never wrote Elbereth's name. You never encountered a bones level. You never used any Sokoban shortcuts. Dungeon overview: The Dungeons of Doom: levels 1 to 6 Level 1 some fountains a long staircase Level 2 a fountain Level 3 an armor shop, some fountains Level 4 a long staircase Level 6 <- You were here History has recorded: On T:1 you entered the Dungeons of Doom to retrieve the Amulet of Yendor! On T:410 you reached level 2 of The Dungeons of Doom. On T:648 you advanced to experience level 2. On T:836 you reached level 3 of The Dungeons of Doom. On T:874 you advanced to experience level 3. On T:894 you advanced to experience level 4. On T:1307 you reached level 5 of The Dungeons of Doom. On T:1412 you advanced to experience level 5. On T:1523 you reached level 6 of The Dungeons of Doom. On T:1622 you advanced to experience level 6. Latest messages: The magic missile bounces! The pony kicks! The pony bites! [HP-3=3] You feel better. The pony kicks! The pony bites! The gnome king zaps a wand of magic missile! The magic missile hits you! The magic missile bounces! [HP+2=5] You feel better. The pony kicks! The pony bites! The gnome king zaps a wand of magic missile! The magic missile hits you! The magic missile bounces! The pony kicks! The pony misses. The pony kicks! The pony bites! You die... Final status: Goodbye Kimi II the Priestess... You died in The Dungeons of Doom on dungeon level 6 with 1811 points, and 556 pieces of gold, after 1685 moves. You were level 6 with a maximum of 37 hit points when you died.